AoeStats
← Chupacabra

Nomad

504819795Analyzed
4v4 RM · 26d ago on Sep 6, 2026· 43m 41s· 8 players
Game mode
Random Map
Map size
231×231
Population
200
Speed
Normal
Resources
Standard
Victory
Conquest
Starting age
Dark Age
Ending age
Imperial Age
RankedLock teamsTeams togetherTeam positionsShared explorationLock speedFull tech treeHidden civsTurbo modeCheats
Victory
Defeat
🇦🇷 Spanish · Argentina
1397
+13
🇨🇳 Mongols · China
1385
+13
🇺🇸 Chinese · United States
1368
+14
🇦🇷 Wu · Argentina
1343
+15
🇮🇳 Franks · India
1451
-19
🇬🇧 Britons · United Kingdom
1380
-16
🇮🇳 Wei · India
1257
-11
🇮🇳 Hindustanis · India
1194
-9
Tako龍
3:56 Loom
16:00 Feudal Age
22:31 Castle Age
25:39 Fishing Lines
26:57 Double-Bit Axe
30:11 Fletching
31:17 Horse Collar
32:11 Bodkin Arrow
35:49 Wheelbarrow
36:21 Ballistics
36:13 Gillnets
37:08 Padded Archer Armor
38:07 Bow Saw
38:38 Leather Archer Armor
42:51 Imperial Age
41:45 Thumb Ring
43:35 Bracer
44:39 Conscription
enzoyin68
12:06 Loom
13:56 Feudal Age
17:27 Castle Age
15:15 Loom
15:18 Double-Bit Axe
15:41 Stone Mining
16:18 Fishing Lines
16:31 Fletching
16:31 Loom
16:48 Horse Collar
17:49 Gold Mining
18:37 Wheelbarrow
18:18 Bow Saw
20:44 Medium Warships
22:12 Bodkin Arrow
27:19 Padded Archer Armor
28:44 Ballistics
38:30 Imperial Age
38:30 Leather Archer Armor
39:20 Bracer
41:40 Chemistry
41:48 Heavy Plow
42:29 Conscription
42:41 Onager
44:09 Drill
Jogadinha do Paqueta
4:16 Loom
13:36 Feudal Age
17:47 Castle Age
17:24 Padded Archer Armor
24:44 Horse Collar
24:52 Double-Bit Axe
29:34 Wheelbarrow
29:29 Husbandry
29:39 Bloodlines
30:40 Leather Archer Armor
38:09 Imperial Age
36:11 Heavy Plow
39:32 Ring Archer Armor
40:47 Elite Conquistador
41:49 Conscription
jAvi
12:20 Feudal Age
13:58 Loom
16:26 Castle Age
16:31 Double-Bit Axe
17:35 Bow Saw
17:36 Squires
22:49 Scale Mail Armor
24:48 Horse Collar
25:48 Wheelbarrow
26:43 Pikeman
28:51 Chain Mail Armor
28:47 Forging
28:26 Arson
30:55 Hand Cart
33:03 Iron Casting
37:57 Imperial Age
37:20 Gold Mining
38:14 Heavy Plow
39:51 Plate Mail Armor
40:49 Halberdier
Lugal
5:49 Loom
13:18 Feudal Age
26:09 Double-Bit Axe
27:51 Horse Collar
29:50 Wheelbarrow
33:10 Castle Age
37:39 Wheelbarrow
37:55 Bow Saw
39:12 Hand Cart
39:08 Heavy Plow
43:01 Fletching
Chupacabra
6:28 Loom
15:54 Feudal Age
17:10 Double-Bit Axe
17:43 Horse Collar
18:01 Town Watch
21:36 Castle Age
21:21 Gold Mining
23:16 Scale Barding Armor
23:22 Forging
24:01 Stone Mining
27:06 Wheelbarrow
26:43 Bow Saw
27:10 Chain Barding Armor
28:25 Hand Cart
30:12 Iron Casting
35:00 Imperial Age
33:05 Fletching
33:12 Elite Skirmisher
34:46 Bodkin Arrow
35:11 Padded Archer Armor
35:28 Husbandry
35:39 Bloodlines
35:46 Capped Ram
37:35 Bracer
38:27 Conscription
39:04 Siege Ram
43:18 Blast Furnace
Parle Genius
4:58 Loom
13:55 Feudal Age
15:14 Double-Bit Axe
16:51 Gold Mining
21:17 Castle Age
20:28 Scale Barding Armor
20:34 Forging
20:09 Fishing Lines
23:38 Wheelbarrow
23:37 Bow Saw
24:58 Husbandry
26:36 Fletching
28:45 Stone Mining
29:31 Gold Shaft Mining
29:40 Elite Skirmisher
37:08 Imperial Age
36:10 Murder Holes
Toxic_Smit
3:55 Loom
5:41 Loom
15:49 Feudal Age
20:43 Castle Age
18:37 Stone Mining
18:38 Gold Mining
18:55 Double-Bit Axe
19:32 Scale Mail Armor
21:47 Forging
21:53 Chain Mail Armor
21:29 Fletching
23:45 Fishing Lines
27:11 Wheelbarrow
26:22 Town Watch
28:42 Horse Collar
31:48 Bodkin Arrow
34:35 Gillnets
36:23 Hand Cart
38:06 Gold Shaft Mining
38:32 Medium Warships
41:06 Thumb Ring
41:04 Padded Archer Armor
41:41 Crossbowman
41:48 Elite Skirmisher
43:20 Leather Archer Armor
44:04 Bow Saw
Connection lost

Rejoining the realm…

Still unreachable

The connection could not be restored.

Session expired

The server has moved on; the page needs a fresh start.